 Dungeon Crawl Stone Soup version 0.17.0-9-g801d43b (webtiles) character file.

3159 Arkorax the Nimble (level 9, 0/117 HPs)
             Began as a Red Draconian Monk on Nov 10, 2015.
             Was an Initiate of Makhleb.
             Succumbed to Garrluk's ghost's poison
             ... on level 8 of the Dungeon.
             The game lasted 00:20:52 (9992 turns).

Arkorax the Nimble (Red Draconian Monk)             Turns: 9992, Time: 00:20:52

Health: 0/117      AC:  8    Str: 19    XL:     9   Next: 62%
Magic:  15/15      EV: 19    Int: 12    God:    Makhleb [......]
Gold:   301        SH:  0    Dex: 15    Spells: 0 memorised, 16 levels left

rFire  + . .     SeeInvis .     k - +2 dagger (speed)
rCold  . . .     Clarity  .     (armour unavailable)
rNeg   + . .     SustAt   .     (no shield)
rPois  +         Gourm    .     (helmet restricted)
rElec  .         Spirit   .     (no cloak)
rCorr  .         Warding  +     (no gloves)
rMut   .         Stasis   .     H - +0 pair of boots
MR     +....                    p - amulet of warding
Stlth  ..........               i - ring of poison resistance (curse)
                                m - ring of protection from magic

@: berserking, lethally poisoned (0 -> -24), very quick, somewhat resistant to
hostile enchantments, extremely unstealthy
A: breathe fire, unfitting armour, fire resistance 1, cold-blooded, AC +7
a: Breathe Fire, Renounce Religion


You were on level 8 of the Dungeon.
You worshipped Makhleb.
Makhleb was noncommittal.
You were not hungry.

You visited 2 branches of the dungeon, and saw 9 of its levels.

You collected 301 gold pieces.

Inventory:

Hand Weapons
 k - a +2 dagger of speed (weapon)
 O - a +0 quarterstaff
 P - a +0 blowgun
Missiles
 v - 5 tomahawks of returning (quivered)
 x - 7 javelins
 y - 6 tomahawks
 L - a throwing net
 Q - 11 poisoned needles
Armour
 H - a +0 pair of boots (worn)
Jewellery
 d - an uncursed ring of protection from fire
 i - a cursed ring of poison resistance (right hand)
 m - a ring of protection from magic (left hand)
 n - a +2 ring of dexterity
 p - an amulet of warding (around neck)
 F - an uncursed ring of positive energy {unknown}
 N - an uncursed ring of protection from cold {unknown}
Wands
 z - a wand of cold (7)
 G - a wand of flame (15)
 M - a wand of slowing (26)
Scrolls
 b - a scroll of noise
 f - a scroll of identify
 h - a scroll of blinking {unknown}
 j - 3 scrolls of fog {unknown}
 l - 4 scrolls of remove curse
 o - 2 scrolls of magic mapping {unknown}
 s - a scroll of recharging {unknown}
 u - a scroll of fear {unknown}
 w - 2 scrolls of teleportation {unknown}
 A - a scroll of enchant armour {unknown}
 J - a scroll of amnesia {unknown}
Potions
 g - a potion of degeneration
 q - a potion of poison
 B - a potion of lignification
 C - a potion of mutation
 D - a potion of invisibility
 E - a potion of resistance {unknown}
 K - a potion of heal wounds {unknown}
Books
 I - a book of Enchantments

   Spells                             Type                      Level
   a - Cause Fear                     Hexes                        4
   b - Silence                        Hexes/Air                    5
   c - Deflect Missiles               Charms/Air                   6
   d - Haste                          Charms                       6
   e - Discord                        Hexes                        8
Comestibles
 a - a bread ration
 c - 4 meat rations
 r - 3 beef jerkies
 t - 3 slices of pizza


   Skills:
 - Level 6.8 Fighting
 - Level 3.0 Short Blades
 - Level 0.3 Throwing
 + Level 10.4 Dodging
 - Level 1.7 Stealth
 - Level 4.0 Unarmed Combat
 * Level 4.0 Spellcasting
 + Level 0.6 Evocations


You had 16 spell levels left.
You didn't know any spells.

Dungeon Overview and Level Annotations

Branches:
Dungeon (8/15)             Temple (1/1) D:7
   Lair: D:8-11

Altars:
Ashenzari
Cheibriados
Dithmenos
Elyvilon
Fedhas
Gozag
Kikubaaqudgha
Makhleb
Nemelex Xobeh
Okawaru
Qazlal
Ru
Sif Muna
Vehumet
Xom
Yredelemnul
Zin
The Shining One

Annotations:
D:4 ldierk's ghost, novice MfIE
D:7 Vex's ghost, novice MiFi; ldierk's ghost, novice MfIE
D:8 Garrluk's ghost, novice OgGl


Innate Abilities, Weirdness & Mutations

You can breathe blasts of fire.
Your fiery red scales are hard (AC +7).
Your body does not fit into most forms of armour.
Your flesh is heat resistant.
You are cold-blooded and may be slowed by cold attacks.


Message History

You are too injured to fight recklessly!
You are too injured to fight recklessly!
You are too injured to fight recklessly!
You are too injured to fight recklessly!
You are too injured to fight recklessly!
You are too injured to fight recklessly!
You hit Garrluk's ghost but do no damage.
Garrluk's ghost is moderately damaged.
* * * LOW HITPOINT WARNING * * *
You feel sick. Garrluk's ghost hits you!
* * * LOW HITPOINT WARNING * * *
Drink which item? (? for menu, Esc to quit)
A red film seems to cover your vision as you go berserk!
You feel yourself moving faster!
You feel mighty!
* * * LOW HITPOINT WARNING * * *
You feel very sick. Garrluk's ghost closely misses you.
You closely miss Garrluk's ghost.
Garrluk's ghost is moderately damaged.
You die...

## .. #####
##.#### ##.<.##
#.<...#
#.....##### #..#.#
#.[.......# #...#
#.....###.#####..#
##...## #..@W(..##
##.## #######..##
#.# #?.......# #.#
#.####W#..# #.#
#.#..... #.#
....#.### #.# .#.
#.# .# #. # . .


You could see Garrluk's ghost.

Vanquished Creatures
  Pikel (D:4)
  Grinder (D:4)
  A hungry ghost (D:7)
  A hippogriff (D:7)
  An ice beast (D:7)
  2 ogres
  2 sky beasts (D:6)
  A black bear (D:6)
  A slave (D:4)
  A phantom (D:5)
  A centaur (D:5)
  3 giant frogs (D:7)
  A big kobold (D:7)
  A scorpion (D:7)
  2 jellies (D:7)
  5 wights (D:7)
  3 crimson imps (D:5)
  A centaur zombie (D:7)
  2 hounds (D:7)
  2 orc wizards
  2 giant frog skeletons (D:6)
  3 orc priests
  2 centaur skeletons
  Terence (D:2)
  Natasha (thrice) (D:4)
  An iguana (D:7)
  5 worker ants
  A killer bee zombie (D:7)
  7 adders
  A river rat (D:4)
  2 gnolls (D:5)
  An ooze (D:1)
  A worm (D:2)
  30 orcs
  2 ball pythons (D:4)
  5 giant cockroaches
  12 goblins
  13 hobgoblins
  4 jackals (D:6)
  A ball python zombie (D:6)
  11 bats
  7 giant geckos
  8 giant newts
  10 kobolds
  2 quokkas
  8 rats
176 creatures vanquished.

Notes
Turn   | Place    | Note
--------------------------------------------------------------
     0 | D:1      | Arkorax the Draconian Monk began the quest for the Orb.
     0 | D:1      | Reached XP level 1. HP: 19/19 MP: 1/1
   303 | D:1      | Reached XP level 2. HP: 26/26 MP: 2/2
   935 | D:2      | Reached XP level 3. HP: 25/33 MP: 3/3
  1259 | D:2      | Noticed Terence
  1292 | D:2      | Killed Terence
  1292 | D:2      | Reached XP level 4. HP: 13/40 MP: 4/4
  1601 | D:2      | Found a shimmering altar of Xom.
  2094 | D:3      | Found a sparkling altar of Nemelex Xobeh.
  2095 | D:3      | Found an ancient bone altar of Kikubaaqudgha.
  2724 | D:3      | Reached XP level 5. HP: 42/47 MP: 5/5
  3139 | D:4      | Noticed Natasha
  3147 | D:4      | Killed Natasha
  3219 | D:4      | Noticed ldierk's ghost (novice MfIE)
  3638 | D:4      | Found a snail-covered altar of Cheibriados.
  3679 | D:4      | Found a deep blue altar of Sif Muna.
  3743 | D:4      | Reached skill level 5 in Dodging
  3807 | D:4      | Noticed Natasha
  3808 | D:4      | Noticed Grinder
  3821 | D:4      | Killed Natasha
  3853 | D:4      | Killed Grinder
  3853 | D:4      | Reached skill level 5 in Fighting
  3853 | D:4      | Reached skill level 1 in Short Blades
  3853 | D:4      | Reached XP level 6. HP: 43/56 MP: 6/6
  4495 | D:5      | Entered Level 5 of the Dungeon
  4517 | D:4      | Noticed Natasha
  4527 | D:4      | Killed Natasha
  4558 | D:4      | Noticed a slave
  4559 | D:4      | Noticed a slave
  4564 | D:4      | Noticed Pikel
  4577 | D:4      | Noticed a slave
  4584 | D:4      | Killed a slave
  4587 | D:4      | Noticed a slave
  4616 | D:4      | Killed Pikel
  4616 | D:4      | Reached skill level 7 in Dodging
  4616 | D:4      | Your scales start taking on a fiery red colour.
  4616 | D:4      | Gained mutation: Your flesh is heat resistant. [Red Draconian growth]
  4616 | D:4      | Reached XP level 7. HP: 55/62 MP: 7/7
  4922 | D:5      | Reached XP level 8. HP: 34/70 MP: 7/9
  5110 | D:5      | Found a stormy altar of Qazlal.
  5309 | D:5      | Reached skill level 1 in Spellcasting
  6164 | D:6      | Reached skill level 8 in Dodging
  6463 | D:6      | Found a radiant altar of Vehumet.
  6475 | D:6      | Found a glowing golden altar of the Shining One.
  6475 | D:6      | Found a white marble altar of Elyvilon.
  6475 | D:6      | Found a glowing silver altar of Zin.
  6866 | D:7      | Reached XP level 9. HP: 63/78 MP: 13/13
  6979 | D:7      | Reached skill level 9 in Dodging
  7145 | D:7      | Found a staircase to the Ecumenical Temple.
  7277 | Temple   | Entered the Ecumenical Temple
  7625 | Temple   | Became a worshipper of Ru the Awakened
  7751 | Temple   | Fell from the grace of Ru
  8765 | D:7      | Reached skill level 10 in Dodging
  9010 | Temple   | Became a worshipper of Makhleb the Destroyer
  9044 | D:7      | Noticed Vex's ghost (novice MiFi)
  9932 | D:8      | Noticed Garrluk's ghost (novice OgGl)
  9990 | D:8      | HP: 3/78 [Garrluk's ghost (15)]
  9991 | D:8      | HP: 1/117 [poisoned by Garrluk's ghost]
  9992 | D:8      | Succumbed to Garrluk's ghost's poison

Action                   |  1- 3 |  4- 6 |  7- 9 || total
-------------------------+-------+-------+-------++-------
Melee: Unarmed           |    70 |       |       ||    70
       Dagger            |    42 |   281 |   888 ||  1211
Throw: Tomahawk          |       |     3 |     1 ||     4
Invok: Renounce Religion |       |       |     1 ||     1
 Abil: Breathe Fire      |       |       |     5 ||     5
Evoke: Wand              |       |       |     6 ||     6
  Use: Scroll            |     2 |       |     4 ||     6
       Potion            |       |     6 |     2 ||     8
 Stab: Sleeping          |     6 |     2 |    10 ||    18
       Invisible         |       |     4 |       ||     4
       Distracted        |       |       |     1 ||     1
  Eat: Bread ration      |     1 |     1 |     4 ||     6
       Chunk             |       |     2 |     3 ||     5
       Meat ration       |       |       |     1 ||     1
